[Event "*** Titled Tuesday 3|2 Blitz"]
[Site "Chess.com"]
[Date "2016.06.07"]
[Round "2"]
[White "Alexander_Moskalenko"]
[Black "Blitzstream"]
[Result "0-1"]
[WhiteElo "2652"]
[BlackElo "2515"]
[TimeControl "180+2"]
[EndTime "11:21:01 PDT"]
[Termination "Blitzstream won by checkmate"]

1. e4 d5 2. exd5 Qxd5 3. Nc3 Qa5 4. d4 Nf6 5. Nf3 c6 6. Bc4 Bf5 7. Ne5 e6 8. Bb3 Nbd7 9. Qe2 Nxe5 10. dxe5 Nd5 11.
Bd2 Bb4 12. Nxd5 Bxd2+ 13. Qxd2 Qxd2+ 14. Kxd2 exd5 15. c4 d4 16. c5 Ke7 17. Rhe1 Rhd8 18.
Rac1 h5 19. h4 d3 20. g3 Rd4 21. Rc4 Rd7 22. Rf4 Be6 23. Re3 Rad8 24. Ra4 b6 25.
cxb6 axb6 26. Rb4 b5 27. Ra4 bxa4 28. Bxa4 Bxa2 29. Bxc6 Rc7 30. Ba4 Bb1 31. f4 Bc2 32. Bb5 Rb8 33. Bxd3 Bxd3 34. Rxd3 Rxb2+ 35. Ke3 Rbc2 36. Rd1 R7c3+ 37. Ke4 Re2+ 38. Kf5 g6+ 39. Kg5 Rxg3+ 40. Kh6 Re4 41. Ra1 Rxf4 42. Kg7 Ke6 43. Ra5 Rf5 44. Ra3 Rxa3 45. Kh6 g5 46. hxg5 h4 47. g6 fxg6 48. Kg7 g5 49. Kh6 g4 50. Kg6 g3 51. Kh6 g2 52. Kh7 Rg3 53. Kh6 Rxe5 54. Kh7 Rh5# 0-1

[Event "*** Titled Tuesday 3|2 Blitz"]
[Site "Chess.com"]
[Date "2016.06.07"]
[Round "2"]
[White "AleksandrKholin"]
[Black "Ksenia_Legenko"]
[Result "1-0"]
[WhiteElo "2127"]
[BlackElo "2027"]
[TimeControl "180+2"]
[EndTime "11:21:02 PDT"]
[Termination "AleksandrKholin won by resignation"]

1. d4 d5 2. Nf3 Nf6 3. g3 e6 4.
Bg2 c5 5. O-O Nc6 6. c4 Be7 7.
Nc3 O-O 8. cxd5 exd5 9. Bf4 Be6 10. Rc1 Rc8 11. dxc5 Bxc5 12. Na4 Be7 13. Nc5 b6 14. Nxe6 fxe6 15. Qa4 Na5 16. Nd4 Qd7 17. Qxd7 Nxd7 18. Nxe6 Rfe8 19. Nc7 Red8 20. Bxd5+ Kh8 21. Be6 Nb7 22.
Rfd1 Nbc5 23. Bh3 g5 24. Bxd7 Rxd7 25. Be5+ Kg8 26. Nd5 Rf8 27. Nxe7+ Rxe7 28. Bd6 Rxe2 1-0

[Event "*** Titled Tuesday 3|2 Blitz"]
[Site "Chess.com"]
[Date "2016.06.07"]
[Round "2"]
[White "GMKrikor"]
[Black "AlexanderL"]
[Result "0-1"]
[WhiteElo "2551"]
[BlackElo "2593"]
[TimeControl "180+2"]
[EndTime "11:21:04 PDT"]
[Termination "AlexanderL won by resignation"]

1. g3 e6 2. Bg2 Nf6 3. Nf3 d5 4. O-O Be7 5. d4 O-O 6. c4 dxc4 7. Qc2 a6 8. a4 Bd7 9. Rd1 Bc6 10. Nc3 Bxf3 11.
Bxf3 Nc6 12. Bxc6 bxc6 13. a5 Qb8 14. Qa4 c5 15. Qxc4 Qb4 16. Ra4 Qxc4 17. Rxc4 cxd4 18. Rdxd4 c5 19. Rd1 Rab8 20. Na4 Rb5 21. Be3 Rxa5 22. Nxc5 Nd5 23. Nd7 Rd8 24. Ne5 Nxe3 25. Rxd8+ Bxd8 26. fxe3 Rxe5 0-1

[Event "*** Titled Tuesday 3|2 Blitz"]
[Site "Chess.com"]
[Date "2016.06.07"]
[Round "2"]
[White "northridgehawk"]
[Black "Abdodi"]
[Result "1-0"]
[WhiteElo "1911"]
[BlackElo "1987"]
[TimeControl "180+2"]
[EndTime "11:21:05 PDT"]
[Termination "northridgehawk won by resignation"]

1. e4 c6 2. d4 d5 3. e5 Bf5 4. Nc3 Qb6 5. Bd3 Bxd3 6. Qxd3 Qa6 7. Qg3 e6 8. Be3 Ne7 9. Nge2 Nf5 10. Qh3 Nd7 11.
O-O c5 12. Rad1 cxd4 13. Nxd4 Nxd4 14. Bxd4 Bb4 15. Qg4 Bxc3 16. Bxc3 O-O 17. f4 Qc4 18. Rf3 Qe2 19. Re1 Qxc2 20. f5 exf5 21. Rxf5 g6 22. Rg5 Nc5 23. Qd4 Ne6 24. Qg4 Rad8 25. Rf1 d4 26. Bb4 d3 27. Bxf8 Rxf8 28. Rgf5 Nd4 29. Rf6 Qc5 30. Kh1 Qxe5 31. Qd7 Nf5 32. R6xf5 gxf5 33. Qxd3 f4 34. Qb3 b6 35. h3 Rd8 36. Qb4 Rd2 37.
Qxd2 1-0

[Event "*** Titled Tuesday 3|2 Blitz"]
[Site "Chess.com"]
[Date "2016.06.07"]
[Round "2"]
[White "alturas_pacificas"]
[Black "flavettes"]
[Result "0-1"]
[WhiteElo "2169"]
[BlackElo "2495"]
[TimeControl "180+2"]
[EndTime "11:21:18 PDT"]
[Termination "flavettes won by resignation"]

1. d4 c5 2. d5 e6 3. Nc3 a6 4. a4 d6 5. e4 Ne7 6. Be2 Ng6 7. Nf3 Be7 8. O-O O-O 9. Nd2 exd5 10. exd5 Nd7 11.
Nc4 Nde5 12. Nxe5 Nxe5 13. Bf4 Bf6 14. Re1 Re8 15. h3 Bf5 16. Qd2 h6 17. Bf1 Rb8 18. Rad1 Qd7 19. Kh1 b5 20. axb5 axb5 21. Ne4 Bxe4 22.
Rxe4 Ng6 23. Rxe8+ Rxe8 24. c3 Be5 25. Bxe5 Rxe5 26.
Qd3 c4 27. Qd4 Ne7 28. Qb6 Nxd5 29. Qb8+ Kh7 30. Qa8 Nf6 31. g3 Ne4 32. Kg1 Qf5 33. Qa7 Rc5 34. f4 Nxg3 35. Qe7 Qxf4 36. Qxd6 Re5 37.
Qd2 Re3 38. Qf2 Rf3 39. Qc2+ f5 40. Bg2 Qe3+ 41. Qf2 0-1

[Event "*** Titled Tuesday 3|2 Blitz"]
[Site "Chess.com"]
[Date "2016.06.07"]
[Round "2"]
[White "SmarterChess"]
[Black "Kacparov"]
[Result "0-1"]
[WhiteElo "2132"]
[BlackElo "2573"]
[TimeControl "180+2"]
[EndTime "11:21:23 PDT"]
[Termination "Kacparov won on time"]

1. d4 Nf6 2. c4 d6 3. Nc3 Bf5 4. Nf3 Nbd7 5. e3 c5 6. d5 h6 7. Be2 a6 8. O-O e5 9. dxe6 Bxe6 10. e4 Qb8 11. h3 Be7 12. Bf4 O-O 13. Qc2 Ne5 14.
Nxe5 dxe5 15. Be3 Bd6 16. Rad1 Rd8 17. Rd2 b6 18. Rfd1 Bc7 19. Rxd8+ Bxd8 20. Nd5 Bxd5 21. exd5 Ne8 22. Qf5 Nd6 23. Qxe5 Bf6 24. Qg3 Nf5 25. Qxb8+ Rxb8 26. Bf4 Rd8 27. b3 Nd4 28. Bd3 g5 29. Bc7 Rc8 30. Bxb6 Be7 31. Re1 Bd6 32. Bf1 Nc2 33.
Rc1 Nd4 34. Bd3 Kf8 35. Ba5 Re8 36. Bc3 Ne2+ 37. Bxe2 Rxe2 38. a3 Ra2 39. b4 Rxa3 40. bxc5 Bxc5 41. Be5 a5 42. d6 Ke8 43. Rb1 Bb4 44. Bg7 h5 45. Bf6 g4 46. hxg4 hxg4 47. Be5 Kd7 48. c5 Rd3 49. Rc1 Kc6 50. Rc4 Rd5 51. Bf4 Rxc5 52. Rxc5+ Bxc5 53. Kf1 Bxd6 54. Bc1 a4 55. Ke2 a3 56. f4 a2 57. Bb2 Bxf4 58. Kd3 Kd5 0-1

[Event "*** Titled Tuesday 3|2 Blitz"]
[Site "Chess.com"]
[Date "2016.06.07"]
[Round "2"]
[White "MateusViageiro"]
[Black "Usurpov"]
[Result "1/2-1/2"]
[WhiteElo "2300"]
[BlackElo "2359"]
[TimeControl "180+2"]
[EndTime "11:21:26 PDT"]
[Termination "Game drawn by agreement"]

1. e4 c5 2. Nf3 Nc6 3. Bb5 e6 4. O-O Nge7 5. Re1 a6 6. Bf1 d5 7. exd5 Nxd5 8. d4 Nf6 9. Be3 Ng4 10. dxc5 Qxd1 11. Rxd1 Nxe3 12. fxe3 Bxc5 13. Kf2 Bd7 14. Nbd2 O-O-O 15. Ne4 Be7 16. Nd6+ Bxd6 17. Rxd6 Kc7 18. Rad1 f6 19. c3 Ne7 20. R6d2 h5 21. Bc4 e5 22. h4 Nf5 23. g3 Nh6 24. Nh2 b5 25. Be2 Nf7 26. a4 g6 27. axb5 Bxb5 28. Bxb5 axb5 29. Rd5 Kc6 30. Rxd8 Rxd8 31. Rxd8 Nxd8 32. g4 Kd5 33. gxh5 gxh5 34. Nf1 Kc4 35. Ng3 Kb3 36. Nxh5 f5 37. Ng7 f4 38. exf4 exf4 39. Nh5 Kxb2 40. Nxf4 Kxc3 41. h5 Nf7 42. Kf3 Kd4 43. Ne6+ Ke5 44.
Nc5 Kf5 1/2-1/2

[Event "*** Titled Tuesday 3|2 Blitz"]
[Site "Chess.com"]
[Date "2016.06.07"]
[Round "2"]
[White "Journey_to_GrandMaster_YT"]
[Black "Andrejkin"]
[Result "1/2-1/2"]
[WhiteElo "2340"]
[BlackElo "2173"]
[TimeControl "180+2"]
[EndTime "11:21:28 PDT"]
[Termination "Game drawn by repetition"]

1. d4 Nf6 2. Nf3 e6 3. c4 b6 4.
Nc3 Bb7 5. e3 Be7 6. Bd3 O-O 7.
O-O d5 8. cxd5 exd5 9. Ne5 c5 10. f4 Nc6 11. Bc2 c4 12. Qf3 a6 13. Qh3 b5 14. g4 g6 15. Rf3 b4 16. Ne2 a5 17.
g5 Ne4 18. Qh6 Nxe5 19. dxe5 Bc8 20. Nd4 c3 21. bxc3 bxc3 22. a4 Bc5 23. Kg2 Bxd4 24. exd4 Nd2 25. f5 Bxf5 26. Rxf5 Qc8 27. Rf4 Qc4 28.
Rf2 Qxd4 29. Bxd2 cxd2 30. Rd1 Rac8 31. Rdxd2 Qg4+ 32. Kh1 Rxc2 33. Rxc2 Qd1+ 34. Kg2 Qg4+ 35. Kf1 Qd1+ 36. Kg2 Qg4+ 37. Kh1 Qd1+ 38. Kg2 1/2-1/2

[Event "*** Titled Tuesday 3|2 Blitz"]
[Site "Chess.com"]
[Date "2016.06.07"]
[Round "2"]
[White "bilelou"]
[Black "chess960now"]
[Result "0-1"]
[WhiteElo "2143"]
[BlackElo "1954"]
[TimeControl "180+2"]
[EndTime "11:21:31 PDT"]
[Termination "chess960now won by checkmate"]

1. c4 e5 2. Nc3 Nf6 3. g3 d5 4.
cxd5 Nxd5 5. Bg2 Nb6 6. e3 Nc6 7.
Nge2 Be7 8. O-O O-O 9. f4 f6 10. b3 Bf5 11. a4 a5 12. h3 Rb8 13. Kh2 Nb4 14. Ba3 Bc2 15. Qc1 Bxb3 16. d4 Nc4 17. Bxb4 axb4 18. Nd5 c6 19. Nxe7+ Qxe7 20. Rb1 Na5 21. fxe5 fxe5 22. dxe5 Qxe5 23. Rf4 Rxf4 24. gxf4 Qe6 25. Nd4 Qf7 26. Qc5 b6 27. Qxb4 Bd5 28. Bxd5 Qxd5 29. Qe7 c5 30. Rg1 Qf7 31. Qd6 Re8 32. Nf3 Rxe3 33. Ne5 Qxf4+ 34. Kh1 Rxh3+ 35. Kg2 Rg3+ 36. Kh1 Qh4# 0-1

[Event "*** Titled Tuesday 3|2 Blitz"]
[Site "Chess.com"]
[Date "2016.06.07"]
[Round "2"]
[White "INbetweenMOVE"]
[Black "CroatianPower"]
[Result "1-0"]
[WhiteElo "2310"]
[BlackElo "2397"]
[TimeControl "180+2"]
[EndTime "11:21:39 PDT"]
[Termination "INbetweenMOVE won by resignation"]

1. d4 Nf6 2. c4 e6 3. Nf3 d5 4. Nc3 dxc4 5. e4 Bb4 6. Bxc4 Nxe4 7. O-O Bxc3 8. bxc3 O-O 9. Qc2 Nf6 10. Bg5 Nc6 11.
Rfe1 h6 12. Bh4 Ne7 13. Ne5 Nf5 14. Bg3 Nxg3 15. hxg3 b6 16. a4 a5 17. Bb5 Bb7 18.
Rad1 Qd6 19. g4 c6 20. Bd3 Ba6 21. Bxa6 Rxa6 22. Qd3 Ra7 23. Rb1 Rb8 24. Re2 Rab7 25. Reb2 c5 26. Nc4 Qc7 27. dxc5 Qxc5 28. Rb5 Qc6 29.
Qd4 Nd5 30. Ne5 Qc7 31. R1b3 Rd8 32. Qe4 Nxc3 33. Rxc3 Qxc3 34. Qxb7 Qc1+ 35. Kh2 Qf4+ 36. Kh3 Qxf2 37. Qf3 Qxf3+ 38. gxf3 Rd4 39. Rxb6 Rxa4 40. Rb8+ Kh7 41. Nxf7 Ra1 42. Ra8 a4 43. Kg3 Kg6 44.
Ne5+ Kf6 45. Nc4 g6 46. Kf4 e5+ 47. Ke4 Re1+ 48. Ne3 Ra1 49. Ra6+ Kg5 50. Kxe5 a3 51. Ke4 a2 52. Nc2 1-0

[Event "*** Titled Tuesday 3|2 Blitz"]
[Site "Chess.com"]
[Date "2016.06.07"]
[Round "2"]
[White "Mvpag"]
[Black "Er_is_geen_hoop_meer"]
[Result "0-1"]
[WhiteElo "2132"]
[BlackElo "2335"]
[TimeControl "180+2"]
[EndTime "11:21:43 PDT"]
[Termination "Er_is_geen_hoop_meer won by checkmate"]

1. d4 Nf6 2. Nf3 g6 3. c3 Bg7 4.
h3 O-O 5. Bf4 c5 6. Nbd2 d5 7.
e3 Nc6 8. Bd3 Re8 9. O-O Nd7 10.
Bc2 f6 11. e4 e5 12. dxe5 Ndxe5 13. exd5 Nxf3+ 14. Nxf3 Ne7 15. c4 Nf5 16. Rb1 Nd6 17. b3 Bf5 18. Bxf5 Nxf5 19. Re1 Qd7 20. Qd2 g5 21.
Bh2 h5 22. Qd3 g4 23. hxg4 hxg4 24. Nd2 Nd4 25. Ne4 b6 26. Bf4 f5 27. Ng5 Bf6 28. Qd2 Rxe1+ 29. Rxe1 Re8 30. Rxe8+ Qxe8 31. Kf1 Qh5 32.
Kg1 Qe8 33. Qe3 Qxe3 34. fxe3 Nc2 35. d6 Nb4 36. d7 Nc6 37. Ne6 Kf7 38. Ng5+ Ke7 39.
Nh7 Bc3 40. Bg5+ Kxd7 41. Nf8+ Kd6 42. Ng6 Nb4 43. a3 Nc2 44. Bf4+ Ke6 45. Nf8+ Kf7 46. Nd7 Nxa3 47. Nb8 Nb1 48. Nc6 a6 49. Na7 Nd2 50.
Nc8 Ba5 51. Bc7 Nxb3 52. Bxb6 Bxb6 53. Nxb6 a5 54. Kf2 Ke6 55. Ke2 Ke5 56. Kd3 Nc1+ 57.
Kc2 Ne2 58. Nd7+ Ke4 59. Nxc5+ Kxe3 60. Nb3 Nd4+ 61. Kc3 Nxb3 62. Kxb3 Kd4 63. g3 f4 64. gxf4 g3 65. f5 g2 66. f6 g1=Q 67. f7 Qb1+ 68.
Ka4 Qb4# 0-1

[Event "*** Titled Tuesday 3|2 Blitz"]
[Site "Chess.com"]
[Date "2016.06.07"]
[Round "2"]
[White "NewBornNow"]
[Black "severomorskij"]
[Result "0-1"]
[WhiteElo "2548"]
[BlackElo "2589"]
[TimeControl "180+2"]
[EndTime "11:22:02 PDT"]
[Termination "severomorskij won by resignation"]

1. e4 c5 2. Nf3 Nc6 3. Bb5 d6 4. O-O Bd7 5. Re1 Nf6 6. h3 Ne5 7. a4 a6 8. Nxe5 axb5 9. Nxd7 Qxd7 10. Nc3 bxa4 11. d4 cxd4 12. Qxd4 e5 13. Qc4 Be7 14. Bg5 O-O 15. Bxf6 Bxf6 16. Rxa4 Rxa4 17. Qxa4 Qxa4 18.
Nxa4 Ra8 19. Nb6 Ra6 20. Nd5 Kf8 21. Kf1 Bd8 22. Ke2 Ra2 23. Rb1 Ke8 24. Kd3 Kd7 25. b4 g6 26. g3 f5 27. f3 Ke6 28. g4 Ra3+ 29. c3 f4 30. Rh1 Ra2 31. h4 Rf2 32.
Rh3 h5 33. g5 Rg2 34. Kc4 Rg3 35. Rxg3 fxg3 36. Ne3 Bxg5 37. hxg5 h4 38. f4 exf4 39.
Ng2 f3 40. Nf4+ Ke5 41. Nxg6+ Kxe4 42. Nxh4 f2 43. g6 f1=Q+ 44. Kb3 Qf6 0-1

[Event "*** Titled Tuesday 3|2 Blitz"]
[Site "Chess.com"]
[Date "2016.06.07"]
[Round "2"]
[White "1stSecond"]
[Black "hansen"]
[Result "0-1"]
[WhiteElo "2561"]
[BlackElo "2558"]
[TimeControl "180+2"]
[EndTime "11:22:08 PDT"]
[Termination "hansen won by checkmate"]

1. d4 Nf6 2. c4 g6 3. Nc3 d5 4. g3 dxc4 5. Qa4+ c6 6. Qxc4 Bg7 7. Bg2 O-O 8. e3 Nbd7 9. Nge2 e5 10. O-O Qe7 11.
a4 Nb6 12. Qd3 Be6 13. a5 Bc4 14. Qd1 exd4 15. Qxd4 Nfd5 16. Nxd5 cxd5 17. Qd1 Nd7 18. Bxd5 Ba6 19. Re1 Nc5 20. Nf4 Rad8 21. e4 Kh8 22.
Qc2 Rc8 23. Qb1 f5 24. Be3 fxe4 25. Bxc5 Qxc5 26. Qxe4 g5 27. Nh3 h6 28. Bxb7 Rce8 29. Qxe8 Bxb7 30. Qd7 Bc6 31. Qd2 Qf5 32. Rac1 Ba8 33.
Nf4 gxf4 34. Re7 Qh3 35. f3 fxg3 36. Rcc7 gxh2+ 37. Qxh2 Bd4+ 38. Kh1 Bxf3# 0-1

[Event "*** Titled Tuesday 3|2 Blitz"]
[Site "Chess.com"]
[Date "2016.06.07"]
[Round "2"]
[White "bugsbunny444"]
[Black "PowerThinking2650"]
[Result "1-0"]
[WhiteElo "2362"]
[BlackElo "2192"]
[TimeControl "180+2"]
[EndTime "11:22:13 PDT"]
[Termination "bugsbunny444 won by resignation"]

1. Nf3 Nf6 2. c4 g6 3. b4 Bg7 4. Bb2 O-O 5. g3 d5 6. cxd5 Qxd5 7. Bg2 Qh5 8. O-O Bh3 9. d3 Rd8 10. Nbd2 a5 11. a3 Nc6 12. Qb3 a4 13. Qa2 e6 14.
Rac1 Rd7 15. Rc5 Qh6 16. Rfc1 Bxg2 17. Kxg2 Rc8 18. Ng5 Ng4 19. h3 Bxb2 20. Qxb2 Nge5 21. Rxe5 Nxe5 22. Qxe5 Rd5 23. Nxf7 Rxe5 24. Nxh6+ Kg7 25. Ng4 Rxe2 26. Rc2 c6 27. Kf1 Rxd2 28. Rxd2 Rd8 29. d4 h5 30. Ne3 Kf6 31. Ke2 e5 32. dxe5+ Ke7 33. Rxd8 1-0

[Event "*** Titled Tuesday 3|2 Blitz"]
[Site "Chess.com"]
[Date "2016.06.07"]
[Round "2"]
[White "Bentery"]
[Black "ItalianMachine"]
[Result "1-0"]
[WhiteElo "2442"]
[BlackElo "2321"]
[TimeControl "180+2"]
[EndTime "11:22:17 PDT"]
[Termination "Bentery won by resignation"]

1. Nf3 Nf6 2. g3 e6 3. Bg2 d5 4. O-O Be7 5. c4 O-O 6. d4 b6 7. cxd5 exd5 8. Nc3 Bb7 9. Ne5 Nbd7 10. Qa4 Nxe5 11.
dxe5 Nd7 12. Nxd5 Nc5 13. Qc4 c6 14. Nxe7+ Qxe7 15. Bf4 g5 16. Be3 Qxe5 17. Rfd1 Ne6 18. Rd7 Rab8 19. Rad1 Qxb2 20. h4 Qg7 21. hxg5 Rfd8 22.
Bh3 Rxd7 23. Rxd7 Nf8 24. Rc7 c5 25. f3 Re8 26. Bf4 Ba8 27. Rxa7 Ng6 28. Bd7 Rf8 29. Bd6 Qa1+ 30. Kf2 Ne5 31. Qf4 Nxd7 32. Bxf8 Bc6 33. Bh6 Qh1 34. Rxd7 Qh2+ 35. Ke1 Qg1+ 36. Kd2 1-0

[Event "*** Titled Tuesday 3|2 Blitz"]
[Site "Chess.com"]
[Date "2016.06.07"]
[Round "2"]
[White "viktorskliarov"]
[Black "biostatistician"]
[Result "1/2-1/2"]
[WhiteElo "2379"]
[BlackElo "2288"]
[TimeControl "180+2"]
[EndTime "11:22:17 PDT"]
[Termination "Game drawn by repetition"]

1. e4 e6 2. d4 d5 3. e5 b6 4. c3 Qd7 5. a4 a5 6. Ne2 Ba6 7. Ng3 Bxf1 8. Kxf1 c5 9. Na3 cxd4 10.
cxd4 Bxa3 11. bxa3 Ne7 12. Rb1 Nbc6 13. Rxb6 O-O 14. Be3 Rfb8 15. Rb5 Qa7 16. Qd3 Rb6 17. Ke2 Rab8 18. Rhb1 Qc7 19. h4 Na7 20. Rxb6 Rxb6 21. Rxb6 Qxb6 22. Qc3 Nac6 23. h5 Qb1 24. h6 Qa2+ 25. Kf3 gxh6 26. Bxh6 Qb3 27. Bd2 Nxd4+ 28. Ke3 Nef5+ 29. Nxf5 Nxf5+ 30. Ke2 Qxa4 31. Qxa5 Qe4+ 32. Kf1 Qxe5 33. Qd8+ Kg7 34. Qg5+ Kh8 35. Qd8+ Kg7 36. Qg5+ Kh8 37. Qd8+ Kg7 38. Qg5+ Kh8 39. Qd8+ Kg7 40.
Qg5+ Kh8 41. Qd8+ Kg7 1/2-1/2

[Event "*** Titled Tuesday 3|2 Blitz"]
[Site "Chess.com"]
[Date "2016.06.07"]
[Round "2"]
[White "jeaston1"]
[Black "Wolverine_master"]
[Result "1-0"]
[WhiteElo "2022"]
[BlackElo "2091"]
[TimeControl "180+2"]
[EndTime "11:22:18 PDT"]
[Termination "jeaston1 won by resignation"]

1. d4 Nf6 2. c4 c5 3. d5 b5 4.
cxb5 a6 5. bxa6 Bxa6 6. Nc3 d6 7. e4 Bxf1 8. Kxf1 g6 9. Nf3 Nbd7 10.
g3 Bg7 11. Kg2 O-O 12. Qe2 Nb6 13. a4 Nbd7 14. Bd2 Qb6 15. Nb5 Rfb8 16. Bc3 Ne8 17. Bxg7 Kxg7 18. Nd2 Nc7 19. Nc4 Qb7 20. Nxc7 Qxc7 21.
a5 Ne5 22. Nxe5 dxe5 23. Qd2 Rb5 24. a6 Qb6 25. Qc3 f6 26. Qa3 Rxb2 27. a7 c4 28. Rhf1 Rb3 29. Qxe7+ Kh6 30. d6 Rd3 31. Qxf6 Qxd6 32.
Qxd6 Rxd6 33. Rfc1 Rd7 34. Rxc4 Raxa7 35. Rxa7 Rxa7 36.
Rc5 Re7 37. Rd5 Kg7 38. Kf3 Kf6 39. Rd6+ Kf7 40. Kg4 h6 41. h4 Kg7 42. h5 gxh5+ 43.
Kxh5 Rf7 44. Rg6+ Kf8 45. Rxh6 Rxf2 46. Re6 Kf7 47. Rxe5 Kf6 48. Rf5+ Rxf5+ 49. exf5 Kxf5 50. g4+ Kf6 51. Kh6 Kf7 52. g5 Kg8 53. Kg6 Kh8 54. Kf7 Kh7 55. g6+ Kh8 56. g7+ Kh7 57. g8=Q+ 1-0

[Event "*** Titled Tuesday 3|2 Blitz"]
[Site "Chess.com"]
[Date "2016.06.07"]
[Round "2"]
[White "JSPrepz"]
[Black "FCChelsea14"]
[Result "0-1"]
[WhiteElo "2352"]
[BlackElo "2418"]
[TimeControl "180+2"]
[EndTime "11:22:31 PDT"]
[Termination "FCChelsea14 won by checkmate"]

1. c4 Nf6 2. g3 e6 3. Bg2 d5 4.
Nf3 c6 5. d4 Bb4+ 6. Nbd2 O-O 7. O-O Nbd7 8. Qc2 b6 9. b3 Ba6 10.
Bb2 Rc8 11. a3 Bxd2 12. Nxd2 c5 13. dxc5 Nxc5 14. Rfd1 Qe7 15. Be5 dxc4 16. Nxc4 Nxb3 17. Qxb3 Bxc4 18. Qb2 Rfd8 19. Rac1 Rxd1+ 20. Rxd1 b5 21. Bd6 Qe8 22. Be5 Rd8 23. Rd4 h6 24. Bc6 Qe7 25.
Qb4 Qxb4 26. axb4 Rxd4 27. Bxd4 Bxe2 28. Bxa7 Ng4 29. f3 Ne5 30. Be8 Kf8 31. f4 Nf3+ 32.
Kf2 Kxe8 33. Kxe2 Nxh2 34. Kd3 Kd7 35. Bd4 f6 36. Ke4 Ng4 37. Bc5 h5 38. f5 Nh6 39.
fxe6+ Kxe6 40. Bf8 Nf5 41. Kf3 g5 42. g4 hxg4+ 43.
Kxg4 Nd4 44. Kg3 Nc6 45. Bc5 Kf5 46. Kf3 Ke5 47. Kg4 Ke6 48. Kf3 f5 49. Kg3 Ne5 50. Ba7 f4+ 51. Kg2 Kf5 52. Bb8 g4 53. Bd6 Nd3 54. Kh2 Ke4 55. Kg2 Kd5 56. Bc7 Ke4 57. Bd6 Kf5 58. Be7 Ne5 59. Bd6 Nf3 60. Kf2 Ng5 61.
Kg2 Ne4 62. Bc7 f3+ 63. Kh2 Ke6 64. Kg1 Kd5 65. Kf1 Kc4 66. Ba5 Kd3 67. Ke1 g3 68.
Kf1 g2+ 69. Kg1 Ke2 70. Bb6 f2+ 71. Bxf2 Nxf2 72. Kxg2 Nd3 73. Kg3 Nxb4 74. Kf4 Kd3 75. Ke5 Nc6+ 76. Kd5 b4 77. Kc5 b3 78. Kd6 b2 79.
Kc7 b1=Q 80. Kc8 Nd4 81. Kd7 Qb6 82. Ke8 Qc7 83. Kf8 Nf5 84. Ke8 Qe7# 0-1

[Event "*** Titled Tuesday 3|2 Blitz"]
[Site "Chess.com"]
[Date "2016.06.07"]
[Round "2"]
[White "SCIM"]
[Black "petrpalachev"]
[Result "1-0"]
[WhiteElo "2257"]
[BlackElo "2396"]
[TimeControl "180+2"]
[EndTime "11:22:45 PDT"]
[Termination "SCIM won on time"]

1. d4 e6 2. c4 Nf6 3. g3 d5 4.
Nf3 dxc4 5. Bg2 a6 6. O-O Nc6 7. e3 Rb8 8. Nfd2 e5 9. Nxc4 exd4 10. exd4 Nxd4 11. Nc3 Be7 12. Be3 Ne6 13. Qc2 O-O 14. Rad1 Qe8 15. Ne5 Bd6 16. Nc4 Bb4 17. a3 Bxc3 18.
Qxc3 Bd7 19. Rfe1 Bc6 20. Bh3 Nd5 21. Qe5 Nxe3 22. Rxe3 Rd8 23. Rde1 Rd5 24. Qc3 Rh5 25.
Bg4 Rh6 26. Ne5 Bd5 27. f4 f5 28. Bf3 Bxf3 29. Nxf3 Rff6 30. Ng5 Qh5 31. h4 Nf8 32. Qxc7 Qg4 33. Qc4+ Kh8 34. Kf2 Rhg6 35. Re8 h6 36. Qc5 1-0

[Event "*** Titled Tuesday 3|2 Blitz"]
[Site "Chess.com"]
[Date "2016.06.07"]
[Round "2"]
[White "amaidel"]
[Black "OldweakGM"]
[Result "0-1"]
[WhiteElo "2449"]
[BlackElo "2607"]
[TimeControl "180+2"]
[EndTime "11:22:51 PDT"]
[Termination "OldweakGM won by resignation"]

1. e4 c5 2. Nf3 d6 3. d4 cxd4 4. Nxd4 Nf6 5. Nc3 a6 6. f4 Qc7 7.
a4 e6 8. Bd3 Nbd7 9. O-O b6 10.
Kh1 Bb7 11. Qe1 Be7 12. Bd2 O-O 13. f5 e5 14. Nf3 d5 15. exd5 Nxd5 16. Nxd5 Bxd5 17.
Qg3 Bf6 18. Ng5 Nc5 19. Rae1 Nxd3 20. cxd3 Qc2 21. Bc3 Bxg5 22. Qxg5 f6 23. Qg3 Qxa4 24. d4 e4 25. Rf4 Rf7 26. h4 Kh8 27. h5 h6 28. Rg4 Qc2 29. Rg6 e3 30. Rxe3 Qxf5 31. Qg4 Qxg4 32. Rxg4 a5 33. Re1 Raa7 34. Re8+ Kh7 35.
Rg3 Rfe7 36. Rd8 Rad7 37. Rxd7 Rxd7 38. Re3 Kg8 39. Kh2 Kf7 40. g4 Be6 41. Kg3 Rd5 42.
Re4 Rg5 43. Bd2 Rb5 44. Bc3 Rb3 45. Kf4 a4 46. Re3 b5 47. Re2 b4 48. Be1 Bd5 49. Rf2 a3 50. bxa3 bxa3 0-1

[Event "*** Titled Tuesday 3|2 Blitz"]
[Site "Chess.com"]
[Date "2016.06.07"]
[Round "2"]
[White "eltenedor"]
[Black "SloLev"]
[Result "1-0"]
[WhiteElo "2060"]
[BlackElo "2082"]
[TimeControl "180+2"]
[EndTime "11:22:52 PDT"]
[Termination "eltenedor won on time"]

1. c4 e5 2. g3 Nf6 3. Bg2 c6 4. d4 exd4 5. Qxd4 d5 6. Nc3 Be6 7. cxd5 cxd5 8. Nh3 Nc6 9. Qa4 d4 10. Nb1 Qb6 11. Nf4 Rc8 12. Nxe6 fxe6 13. O-O Bc5 14. Qc4 Kf7 15. Bg5 Ne5 16. Qa4 d3 17.
exd3 Nxd3 18. Bxf6 Kxf6 19. Nc3 h6 20. Ne4+ Kf7 21.
Qd7+ Kg6 22. Qxd3 Rhd8 23. Nd6+ Kf6 24. Qf3+ Ke7 25. Nxc8+ Rxc8 26. Qxb7+ Qxb7 27. Bxb7 Rb8 28. Rac1 Bd4 29. Bg2 Rxb2 30. Rc7+ Kf6 31. Kh1 Rxa2 32. f4 Bb6 33. Rc6 Re2 34. f5 Bf2 35. Rxe6+ 1-0

[Event "*** Titled Tuesday 3|2 Blitz"]
[Site "Chess.com"]
[Date "2016.06.07"]
[Round "2"]
[White "howitzer14"]
[Black "kpio91"]
[Result "0-1"]
[WhiteElo "2720"]
[BlackElo "2519"]
[TimeControl "180+2"]
[EndTime "11:22:53 PDT"]
[Termination "kpio91 won by resignation"]

1. c4 e5 2. Nc3 g6 3. g3 Bg7 4. Bg2 f5 5. d3 Nf6 6. e4 d6 7. Nge2 O-O 8. O-O Nc6 9. Nd5 Be6 10. Bg5 Qd7 11. Rc1 Nh5 12. exf5 Bxf5 13. b4 Rae8 14. b5 Nd8 15. Bxd8 Rxd8 16. Nb4 Rb8 17. Qd2 Bh3 18.
Bxh3 Qxh3 19. Nd5 Rf7 20. Qe3 c6 21. Nb4 Nf6 22. Qf3 Ng4 23. Qg2 Qxg2+ 24. Kxg2 Rbf8 25. bxc6 a5 26. Nc2 Rxf2+ 27. Rxf2 Rxf2+ 28. Kg1 bxc6 29. Nc3 Bh6 30. Ne4 Rxh2 31. Rb1 Rxc2 32. Rb8+ Kf7 33. Nxd6+ Ke6 34. Ne4 Be3+ 35. Kf1 Nf2 36. Re8+ Kf7 37. Nd6+ Kg7 38. Rxe5 Bd4 39. Re7+ Kf6 40.
Re8 Nxd3 41. Ne4+ Kf7 42. Nd6+ Kg7 43. Re7+ Kf6 44. Re4 c5 0-1

[Event "*** Titled Tuesday 3|2 Blitz"]
[Site "Chess.com"]
[Date "2016.06.07"]
[Round "2"]
[White "SmoothAsAHedgehog"]
[Black "Penguininja"]
[Result "0-1"]
[WhiteElo "2484"]
[BlackElo "2215"]
[TimeControl "180+2"]
[EndTime "11:22:54 PDT"]
[Termination "Penguininja won by checkmate"]

1. e4 e5 2. Nf3 Nc6 3. Bc4 Bc5 4.
c3 Nf6 5. d3 a6 6. Bb3 Ba7 7. Nbd2 d6 8. h3 h6 9. Nf1 d5 10. Qe2 O-O 11. Ng3 Be6 12. Bd2 dxe4 13. dxe4 Qe7 14. O-O Bxb3 15. axb3 Qe6 16. b4 Rfd8 17.
Nh4 Rd7 18. Nhf5 Rad8 19. Bc1 Bb6 20. Qf3 Ne7 21. Bxh6 gxh6 22. Nxh6+ Kf8 23. Ngf5 Ng6 24. h4 Rd3 25. Qe2 Nf4 26. Qe1 N6h5 27. Kh2 Qg6 28.
g3 Rd2 29. gxf4 Nxf4 30. Rg1 Rxf2+ 31. Qxf2 Bxf2 32. Rxg6 fxg6 33. Ng4 Rd2 34. Ng3 Be1+ 35. Kg1 Bxg3 36. Nxe5 Nh3+ 37. Kf1 Rf2+ 38. Ke1 Rh2+ 39. Kf1 Rf2+ 40. Ke1 Rg2+ 41. Kf1 Rg1+ 42. Ke2 Rxa1 43.
Nxg6+ Kg7 44. Ne7 Bd6 45. Nf5+ Kf6 46. Nd4 Rb1 47. Kd3 Rxb2 48. Nf5 Nf4+ 49. Ke3 Ne6 50. Nh6 Rb3 51. Kd2 Bf4+ 52. Kc2 Rxc3+ 53. Kxc3 Bxh6 54. Kc4 Bf4 55. b5 axb5+ 56. Kxb5 Bd6 57. h5 Kg5 58.
Kc4 Kxh5 59. Kd5 Nf4+ 60. Kd4 Ng6 61. e5 Nxe5 62. Kd5 Kg6 63. Ke6 Kg5 64. Kd5 Kf6 65. Kd4 Ke7 66. Ke4 Kd7 67. Kd5 Nf7 68. Ke4 c5 69.
Kf5 Kc6 70. Ke4 b5 71. Kf5 b4 72. Ke6 b3 73. Kxf7 b2 74. Ke8 b1=Q 75. Kf7 c4 76. Ke6 c3 77. Kf7 c2 78. Ke6 c1=Q 79. Kf7 Qf4+ 80.
Ke6 Qbe4# 0-1